 Dungeon Crawl Stone Soup version 0.30-a0-465-g8901f6c8b5 (webtiles) character file.

Game seed: 1648320648787425868

249 bande the Shield-Bearer (level 6, -8/38 HPs)
             Began as a Gargoyle Fighter on Dec 18, 2022.
             Mangled by an orc warrior
             ... wielding a +0 glaive
              (11 damage)
             ... on level 6 of the Dungeon.
             The game lasted 00:03:35 (1592 turns).

bande the Shield-Bearer (Gargoyle Fighter)          Turns: 1592, Time: 00:03:35

Health: -8/38      AC: 12    Str: 19    XL:     6   Next: 12%
Magic:  6/6        EV:  5    Int:  9    God:
Gold:   110        SH: 12    Dex: 11    Spells: 5/5 levels left

rFire   . . .      SeeInvis .    a - +0 war axe
rCold   . . .      Faith    .    h - +0 tower shield
rNeg    + . .      Spirit   .    b - +0 scale mail
rPois   ∞          Reflect  .    (no helmet)
rElec   +          Harm     .    i - +0 cloak
rCorr   .          Rampage  .    (no gloves)
Will    +....                    (no boots)
Stlth   ..........               (no amulet)
HPRegen 0.00/turn                (no ring)
MPRegen 0.10/turn                (no ring)

@: mighty, inhibited regen
A: sickness immunity, AC +4, negative energy resistance 1, electricity
resistance, torment resistance 1, petrification resistance, strong-willed 1,
inhibited regeneration
a: no special abilities


You were on level 6 of the Dungeon.
You visited 1 branch of the dungeon, and saw 4 of its levels.

You collected 110 gold pieces.

Inventory:

Hand Weapons
 a - a +0 war axe (weapon)
 c - a +0 morningstar
Armour
 b - a +0 scale mail (worn)
 h - a +0 tower shield (worn)
 i - a +0 cloak (worn)
Jewellery
 g - a ring of ice
Wands
 k - a wand of paralysis (9)
Scrolls
 f - a scroll of teleportation
 l - a scroll of identify
Potions
 d - a potion of might
 e - a potion of cancellation


   Skills:
 + Level 3.9 Fighting
 + Level 3.9 Axes
 + Level 4.1 Armour
 + Level 4.4 Shields
 * Level 1.2 Evocations


You had 5 spell levels left.
You didn't know any spells.
Your spell library contained the following spells:

 Spells                   Type           Power      Damage    Failure   Level
 Death Channel            Necr           0%         N/A       100%        6
 Borgnjor's Revivificati  Necr           0%         N/A       100%        8
 Cigotuvi's Dreadful Rot  Necr/Pois/Air  Unusable   N/A       N/A         2

Dungeon Overview and Level Annotations

Branches:
Dungeon (3/15)

Altars:


Innate Abilities, Weirdness & Mutations

You are immune to sickness and miasma.
Your stone body is resilient. (AC +4)
You are immune to poison.
You resist negative energy. (rN+)
You are resistant to electric shocks. (rElec)
You are resistant to unholy torment.
You are immune to petrification.
You are strong-willed. (Will+)
You do not regenerate when monsters are visible.


Message History

You slash the necrophage!
You destroy the necrophage!
Your Evocations skill increases to level 1!
You have reached level 6!
You open the door.
Found a robe.
An orc warrior comes into view. It is wielding a +0 glaive.
The orc warrior shouts!
An orc comes into view. It is wielding a +0 whip.
The orc warrior unwields a +0 glaive.
The orc warrior wields a +0 arbalest.
The orc warrior shoots a bolt.
You block the bolt.
The orc warrior shoots a bolt.
You block the bolt.
Found a stone staircase leading down.
The orc warrior shoots a bolt.
You block the bolt.
The orc warrior shoots a bolt.
The bolt barely misses you.
The orc warrior shoots a bolt.
You block the bolt.
The orc warrior unwields a +0 arbalest.
The orc warrior wields a +0 glaive.
You block the orc warrior's attack.
You hit the orc warrior but do no damage.
The orc warrior hits you with a +0 glaive.
The orc warrior hits you with a +0 glaive!
You slash the orc warrior!
The orc warrior is moderately wounded.
The orc warrior hits you with a +0 glaive.
The orc warrior hits you with a +0 glaive!
Unknown command.
You hit the orc warrior but do no damage.
The orc warrior is moderately wounded.
The orc warrior hits you with a +0 glaive!
* * * LOW HITPOINT WARNING * * *
It was a potion of mutation.
You feel extremely strange.
Your regeneration stops near monsters.
You feel strong-willed. The orc warrior closely misses you.
You feel very mighty all of a sudden.
The orc warrior hits you but does no damage.
Unknown command.
You slash the orc warrior!
The orc warrior is severely wounded.
The orc warrior hits you with a +0 glaive!
You die...

+..............
#..............
#....######....
#..o.#....#....
#....#....'....
#....#....#...♣
#....#[...##.P~
########>...#...
#..~♣
#....@o.....#...
#..~~
#...........##+
#♣~~~
#...........#
.~~≈
#...........#
.~~≈
...#######....#
♣.~~ .... #....#
.~P~ .....
#...... .....
#....... ####
#.......


You could see an orc warrior.

Vanquished Creatures
  2 necrophages (D:6)
  A jelly (D:6)
  3 adders
  2 worms
  A dart slug (D:1)
  2 orcs (D:6)
  8 endoplasms
  A giant cockroach (D:1)
  4 goblins
  3 hobgoblins
  10 jackals
  A quokka (D:1)
  3 ball pythons
  5 bats
  5 frilled lizards
  8 kobolds
  6 rats
65 creatures vanquished.

Vanquished Creatures (others)
  A plant (D:6)
1 creature vanquished.

Grand Total: 66 creatures vanquished

Notes
Turn   | Place    | Note
-------+----------+-------------------------------------------
     0 | D:1      | bande the Gargoyle Fighter began the quest for the Orb.
     0 | D:1      | Reached XP level 1. HP: 14/14 MP: 1/1
    90 | D:1      | Reached XP level 2. HP: 19/19 MP: 2/2
   250 | D:1      | Reached XP level 3. HP: 21/23 MP: 3/3
   560 | D:2      | Reached XP level 4. HP: 17/29 MP: 4/4
   982 | D:2      | Got Ageot Wub's Incunable of Mortuary Envenoming
  1457 | D:3      | You fall into a shaft and drop 3 floors!
  1484 | D:6      | Noticed a necrophage
  1507 | D:6      | Killed a necrophage
  1508 | D:6      | Reached XP level 5. HP: 30/33 MP: 5/5
  1527 | D:6      | Noticed a centaur
  1531 | D:6      | Reached skill level 1 in Evocations
  1531 | D:6      | Reached XP level 6. HP: 34/38 MP: 6/6
  1552 | D:6      | Noticed an orc warrior
  1590 | D:6      | Gained mutation: You do not regenerate when monsters are
                  | visible. [potion of mutation]
  1590 | D:6      | Gained mutation: You are strong-willed. (Will+) [potion of
                  | mutation]
  1592 | D:6      | Mangled by an orc warrior

Illustrated notes

Levels and vault maps discovered:
D:1:      ebering_hopf_link, layout_rooms
D:2:      layout_basic
D:3:      layout_basic, minitemple, uniq_ijyb
D:6:      layout_gridville, makhleb_altar_promises_db, serial_bayou_pond_b

Skill      XL: |  1  2  3  4  5 |
---------------+----------------+-----
Axes           | 2 3 |  3.9
Armour         | 4 |  4.1
Shields        | 4 |  4.4
Evocations     | 1 |  1.2
Fighting       | |  3.9

Action                   |  1- 3 |  4- 6 || total
-------------------------+-------+-------++-------
Melee: War axe           |    89 |   123 ||   212
  Use: Scroll            |     5 |       ||     5
       Potion            |       |     2 ||     2
Armor: Scale mail        |    70 |    74 ||   144
Dodge: Dodged            |    53 |    30 ||    83
Block: Buckler           |    29 |       ||    29
       Tower shield      |    39 |    92 ||   131

Table legend: (Time is in decaauts)
 A = Elapsed time spent in this place.
 B = Non-inter-level travel time spent in this place.
 C = Inter-level travel time spent in this place.
 D = Time resting spent in this place.
 E = Time spent auto-exploring this place.
 F = Levels seen in this place.
 G = Mean time per level.
                   A        B        C        D        E       F      G
               +--------+--------+--------+--------+--------+-----+--------+
         Total |   1734 |   1734 |      0 |      0 |   1110 |   4 |  433.5 |
       Dungeon |   1734 |   1734 |      0 |      0 |   1110 |   4 |  433.5 |
               +--------+--------+--------+--------+--------+-----+--------+

Top non-repeatable levels by time:
     D:2: 912 daAuts
     D:1: 514 daAuts
     D:6: 159 daAuts
     D:3: 147 daAuts
